 Dungeon Crawl Stone Soup version 0.30-a0-311-gf115ab0292 (webtiles) character file.

Game seed: 14278361605354751972

529 porpoise the Slasher (level 7, -2/56 HPs)
             Began as a Demonspawn Monk on Oct 26, 2022.
             Was a Priest of Wu Jian.
             Slain by a gnoll sergeant
             ... wielding a +0 spear
              (13 damage)
             ... on level 4 of the Dungeon.
             The game lasted 00:13:39 (4096 turns).

porpoise the Slasher (Demonspawn Monk)              Turns: 4096, Time: 00:13:39

Health: -2/56      AC:  7    Str:  9 (11) XL:     7   Next: 3%
Magic:  7/7        EV: 12    Int:  8 (11) God:    Wu Jian [***...]
Gold:   80         SH:  0    Dex: 15 (18) Spells: 6/6 levels left

rFire   . . .      SeeInvis .    a - +0 long sword
rCold   . . .      Faith    .    (no shield)
rNeg    . . .      Spirit   .    b - +0 robe
rPois   .          Reflect  .    (no helmet)
rElec   .          Harm     .    (no cloak)
rCorr   .          Rampage  .    y - +0 pair of gloves
Will    .....                    (no boots)
Stlth   ++........               (no amulet)
HPRegen 0.29/turn                r - +4 ring of protection
MPRegen 0.10/turn                (no ring)

@: mighty
A: foul stench 1, demonic touch 1
a: Renounce Religion, Wall Jump, Serpent's Lash


You were on level 4 of the Dungeon.
You worshipped Wu Jian.
Wu Jian was most pleased with you.
You visited 2 branches of the dungeon, and saw 5 of its levels.

You collected 143 gold pieces.
You spent 63 gold pieces at shops.

Inventory:

Hand Weapons
 a - a +0 long sword (weapon)
 j - a +2 mace of draining
 v - a +0 rapier
 w - a +0 dagger
Armour
 b - a +0 robe (worn)
 y - a +0 pair of gloves (worn)
Jewellery
 r - a +4 ring of protection (left hand)
 t - a ring of ice
Wands
 x - a wand of charming (6)
 B - a wand of acid (6)
Scrolls
 d - 2 scrolls of silence {unknown}
 e - a scroll of magic mapping {unknown}
 f - 2 scrolls of butterflies {unknown}
 g - 3 scrolls of noise {unknown}
 k - 2 scrolls of teleportation {unknown}
 l - a scroll of enchant weapon {unknown}
 p - 3 scrolls of identify {unknown}
 s - a scroll of blinking {unknown}
 C - a scroll of enchant armour {unknown}
Potions
 c - a potion of ambrosia
 h - a potion of invisibility {unknown}
 i - a potion of heal wounds {unknown}
 m - a potion of berserk rage {unknown}
 o - 2 potions of degeneration
 q - a potion of experience {unknown}
 u - a potion of lignification {unknown}
 z - 2 potions of mutation {unknown}
 A - a potion of flight {unknown}


   Skills:
 + Level 5.2 Fighting
 * Level 6.2 Long Blades
 - Level 2.6 Dodging
 - Level 1.7 Stealth


You had 6 spell levels left.
You didn't know any spells.
Your spell library contained the following spells:

 Spells                   Type           Power      Damage    Failure   Level
 Scorch                   Fire           0%         2d5       54%         2
 Static Discharge         Conj/Air       0%         2-2/arc   54%         2
 Vhi's Electric Charge    Tloc/Air       0%         N/A       78%         3
 Flame Wave               Conj/Fire      0%         2d4       99%         4
 Arcjolt                  Conj/Air       0%         1d10      100%        5
 Iskenderun's Battlesphe  Conj           0%         2d6       100%        5
 Lightning Bolt           Conj/Air       0%         1d11      100%        5
 Iron Shot                Conj/Erth      0%         9d1       100%        6
 Summon Cactus Giant      Summ           0%         N/A       100%        6
 Spellforged Servitor     Conj/Summ      0%         N/A       100%        7


Dungeon Overview and Level Annotations

Branches:
Dungeon (4/15)             Temple (1/1) D:4

Altars:
Ashenzari
Dithmenos
Makhleb
Qazlal
Sif Muna
Trog
Uskayaw
Wu Jian
Xom

Shops:
D:2 [(**:


Innate Abilities, Weirdness & Mutations

You may rarely emit foul miasma when damaged in melee.
Your touch may inflict minor irresistible damage on your foes.


Message History

The gnoll sergeant hits you with a +0 spear.
The gnoll misses you. The gnoll sergeant blocks your attack.
The gnoll sergeant is lightly wounded.
The gnoll closely misses you.
The gnoll is engulfed in dark miasma.
The gnoll is poisoned.
The gnoll seems to slow down.
The gnoll hits you with a +0 spear. The gnoll sergeant closely misses you.
The gnoll hits you from afar with a +0 halberd.
The gnoll sergeant blocks your attack.
Your touch misses the gnoll sergeant.
The gnoll sergeant is lightly wounded.
The gnoll is no longer moving slowly.
The gnoll hits you but does no damage. The gnoll sergeant closely misses you.
The gnoll hits you from afar with a +0 halberd.
The gnoll is engulfed in dark miasma.
The gnoll looks even sicker.
You kill the gnoll!
The Council accepts your kill.
You hit the gnoll sergeant.
You touch the gnoll sergeant!
The gnoll sergeant is heavily wounded.
The gnoll misses you. The gnoll sergeant barely misses you.
The gnoll misses you.
You completely miss the gnoll sergeant. The gnoll sergeant blocks your attack.
The gnoll sergeant is heavily wounded.
The gnoll sergeant closely misses you. The gnoll closely misses you.
The gnoll hits you with a +0 spear.
* * * LOW HITPOINT WARNING * * *
The gnoll sergeant barely misses you. The gnoll hits you but does no damage.
The gnoll closely misses you.
You slash the gnoll sergeant!
The gnoll sergeant is severely wounded.
The gnoll hits you but does no damage.
The gnoll sergeant hits you with a +0 spear.
* * * LOW HITPOINT WARNING * * *
The gnoll hits you but does no damage.
Unknown command.
It was a potion of degeneration.
There was something very wrong with that liquid.
You feel weakened.
You feel dopey.
You feel clumsy. The gnoll misses you.
The gnoll sergeant hits you with a +0 spear!
You die...

#......###..##
#.............
#####......####...
#..........# ####
#.######.###
#####.######.#
#≈≈≈≈.≈≈≈≈##.#
#≈##≈.≈##≈##.#
##@### #.# #gg°#≈≈
#.# #.g.#≈≈ #.#
#.$.#≈≈##.####
######≈(.....#
≈≈##≈......#
≈≈≈≈≈......#
#..........#...#
#..........#...#


You could see a gnoll sergeant and 2 gnolls.

Vanquished Creatures
  Edmund (D:4)
  A phantom (D:4)
  An iguana (D:4)
  2 orc wizards (D:4)
  A scorpion zombie (D:4)
  A hound skeleton (D:4)
  4 hound zombies (D:4)
  4 adders
  2 gnolls (D:4)
  An ufetubus (D:3)
  An adder skeleton (D:4)
  An adder zombie (D:4)
  3 worms
  4 dart slugs
  6 orcs (D:4)
  5 endoplasms
  3 giant cockroaches
  6 goblins
  7 hobgoblins
  3 jackals (D:4)
  6 kobolds
  2 quokkas (D:2)
  8 ball pythons
  3 bats
  6 frilled lizards
  5 rats
87 creatures vanquished.

Vanquished Creatures (others)
  3 withered plants (D:4)
3 creatures vanquished.

Grand Total: 90 creatures vanquished

Notes
Turn   | Place    | Note
-------+----------+-------------------------------------------
     0 | D:1      | porpoise the Demonspawn Monk began the quest for the Orb.
     0 | D:1      | Reached XP level 1. HP: 18/18 MP: 1/1
   322 | D:1      | Reached skill level 3 in Long Blades
   340 | D:1      | Gained mutation: Your touch may inflict minor irresistible
                  | damage on your foes. [demonic ancestry]
   340 | D:1      | Reached XP level 2. HP: 22/24 MP: 2/2
   841 | D:1      | Reached XP level 3. HP: 29/29 MP: 3/3
   963 | D:2      | You fall into a shaft and drop 1 floor!
  1095 | D:2      | Found Cafa's Antique Weapon Emporium.
  1366 | D:2      | Reached skill level 4 in Long Blades
  1395 | D:2      | Found Muleocej's Book Boutique.
  1416 | D:2      | Found Negan's Assorted Antiques.
  1424 | D:2      | Bought a scroll labelled OKHLOR TAOMUN for 22 gold pieces
  1424 | D:2      | Bought a scroll labelled YTOATWORULL for 22 gold pieces
  1424 | D:2      | Bought a murky blue potion for 19 gold pieces
  1585 | D:2      | Found Gyce's General Store.
  1616 | D:2      | Gained mutation: You may rarely emit foul miasma when
                  | damaged in melee. [demonic ancestry]
  1616 | D:2      | Reached XP level 4. HP: 37/37 MP: 4/4
  1729 | D:2      | Found Paischei's Armour Boutique.
  2113 | D:3      | Found a hide-covered altar of Uskayaw.
  2647 | D:3      | Found a faded altar of an unknown god.
  2660 | D:3      | Prayed at the altar of an unknown god.
  2660 | D:3      | Became a worshipper of the Wu Jian Council
  2660 | D:3      | Reached * piety under Wu Jian
  2660 | D:3      | Reached ** piety under Wu Jian
  3003 | D:4      | Noticed a phantom
  3014 | D:4      | Killed a phantom
  3015 | D:4      | Reached XP level 5. HP: 38/42 MP: 5/5
  3034 | D:4      | Reached skill level 5 in Long Blades
  3035 | D:4      | Reached *** piety under Wu Jian
  3051 | D:4      | Found a staircase to the Ecumenical Temple.
  3071 | D:4      | Reached XP level 6. HP: 36/49 MP: 6/6
  3152 | Temple   | Entered the Ecumenical Temple
  3453 | D:4      | Found a shimmering altar of Xom.
  3584 | D:4      | Noticed Edmund
  3610 | D:4      | Killed Edmund
  3611 | D:4      | Reached skill level 5 in Fighting
  3611 | D:4      | Reached skill level 6 in Long Blades
  3882 | D:4      | Found a broken altar of Ashenzari.
  4089 | D:4      | Reached XP level 7. HP: 40/56 MP: 7/7
  4096 | D:4      | Slain by a gnoll sergeant

Illustrated notes

Levels and vault maps discovered:
D:1:      tarquinn_simple_flora_water_c, layout_loops_ring, roderic_lattice_a,
          minivault_24
D:2:      layout_basic, serial_shops, shop, nicolae_shop_behind_doors, shop,
          shop_fountains, nicolae_shop_behind_doors
D:3:      layout_loops_corners, eat_drink_and_be_merry_uskayaw,
          chequers_ecumenical_altar_simple
D:4:      layout_rooms, mainiacjoe_overflow_boulevard,
          mainiacjoe_overflow_alcove_2, minmay_temple_entry_antechambers,
          serial_undead, serial_undead_d, serial_undead_f, serial_undead_f,
          serial_undead_e, serial_undead_c, lightli_minifort, uniq_edmund
Temple:   minmay_temple_forest_path

Skill      XL: |  1  2  3  4  5  6 |
---------------+-------------------+-----
Long Blades    | 3 4 5 6 |  6.2
Fighting       | 4 5 |  5.2
Dodging        | |  2.6
Stealth        | |  1.7

Action                   |  1- 3 |  4- 6 |  7- 9 || total
-------------------------+-------+-------+-------++-------
Melee: Falchion          |    46 |       |       ||    46
       Long sword        |    47 |   132 |     6 ||   185
       Touch             |    15 |    27 |     1 ||    43
       Punch             |     1 |     1 |       ||     2
       Dagger            |       |     3 |       ||     3
Invok: Lunge             |       |     2 |       ||     2
       Whirlwind         |       |     1 |       ||     1
  Use: Potion            |       |     2 |     1 ||     3
 Stab: Sleeping          |     9 |     2 |       ||    11
Armor: Robe              |    14 |    27 |     5 ||    46
Dodge: Dodged            |    45 |    87 |    14 ||   146

Table legend: (Time is in decaauts)
 A = Elapsed time spent in this place.
 B = Non-inter-level travel time spent in this place.
 C = Inter-level travel time spent in this place.
 D = Time resting spent in this place.
 E = Time spent auto-exploring this place.
 F = Levels seen in this place.
 G = Mean time per level.
                   A        B        C        D        E       F      G
               +--------+--------+--------+--------+--------+-----+--------+
         Total |   4129 |   4028 |    101 |    733 |   2524 |   5 |  825.8 |
       Dungeon |   3994 |   3915 |     79 |    733 |   2419 |   4 |  998.5 |
        Temple |    134 |    112 |     22 |      0 |    105 |   1 |  134.0 |
               +--------+--------+--------+--------+--------+-----+--------+

Top non-repeatable levels by time:
     D:3: 1050 daAuts
     D:2: 1022 daAuts
     D:4: 968 daAuts
     D:1: 953 daAuts
  Temple: 134 daAuts
